Map: Neon Violet Square LE

Players

Rasende - Winner!

  • Race: Protoss Protoss
  • League: Silver
  • Spawn Location: 11:00

Rektum

  • Race: Protoss Protoss
  • Spawn Location: 5:00

VOD

Have the link to the VOD?

Description

Time

  • Played on: Jan. 27, 2018, 1:01 p.m.
  • Length: 9:49
Show
View Real Time Build Order
Export as new Build Order

Rasende Protoss - Winner!

Build Orders: 1 Gate Expand 

Get SALT Encoding   

  12  0:04  Probe (Chrono Boost)  
  14  0:14  Probe (Chrono Boost)  
  14  0:22  Pylon  
  14  0:26  Probe  
  15  0:32  Assimilator  
  15  0:40  Probe  
  16  0:47  Gateway  
  16  0:52  Probe  
  17  1:04  Probe  
  18  1:16  Probe  
  19  1:28  Probe  
  20  1:34  Nexus  
  20  1:42  Assimilator  
  20  1:45  Probe  
  21  1:52  Pylon  
  21  1:55  Zealot  
  23  2:12  Forge  
  23  2:21  Probe (Chrono Boost)  
  24  2:25  Zealot  
  26  2:31  Cybernetics Core  
  26  2:36  Probe (Chrono Boost)  
  27  2:47  Probe  
  28  2:51  Photon Cannon  
  28  2:53  Photon Cannon  
  28  3:03  Protoss Shields Level 1  
  28  3:08  Warp Gate  
  28  3:12  Probe  
  29  3:15  Probe  
  30  3:24  Probe  
  31  3:28  Robotics Facility  
  32  3:50  Probe (Chrono Boost)  
  32  3:52  Probe (Chrono Boost)  
  33  3:59  Stalker  
  35  4:06  Stargate  
  35  4:14  Pylon  
  34  4:26  Twilight Council  
  34  4:32  Warp Prism  
  36  4:47  Probe  
  36  4:48  Probe  
  36  4:50  Zealot  
  40  4:56  Oracle  
  43  5:05  Gateway  
  43  5:12  Nexus  
  43  5:15  Gateway  
  43  5:25  Gateway  
  43  5:30  Observer  
  44  5:48  Probe (Chrono Boost)  
  45  5:52  Phoenix  
  48  5:58  Probe (Chrono Boost)  
  48  6:03  Probe (Chrono Boost)  
  49  6:11  Dark Shrine  
  49  6:13  Gateway  
  49  6:14  Probe  
  49  6:15  Gateway  
  49  6:16  Gateway  
  50  6:20  Gateway  
  50  6:22  Gateway  
  50  6:26  Probe  
  50  6:27  Gateway  
  51  7:56  Zealot  
  51  7:57  Zealot x2  
  51  7:58  Zealot x2  
  59  7:59  Zealot x2  
  59  8:00  Zealot  
  59  8:01  Zealot x2  
  68  8:17  Zealot  
  66  8:34  Zealot  
  68  8:42  Pylon  
  68  8:44  Pylon  
  68  8:45  Pylon  
  68  8:47  Pylon  
  64  8:56  Dark Templar  
  64  8:57  Dark Templar x2  
  62  9:23  Stalker x2  
  66  9:24  Stalker  
  66  9:25  Stalker x2  
  72  9:46  Zealot  
  72  9:47  Zealot x3  
  72  9:48  Zealot x3  
Show
View Real Time Build Order
Export as new Build Order

Rektum Protoss 

Build Orders:  

Get SALT Encoding   

  12  0:13  Pylon  
  12  0:27  Assimilator  
  12  0:37  Assimilator, Probe  
  13  0:49  Probe  
  14  1:02  Probe  
  15  1:14  Gateway  
  15  1:32  Pylon  
  15  2:37  Cybernetics Core  
  15  2:42  Pylon  
  14  3:05  Probe  
  15  3:14  Stalker  
  15  3:17  Probe (Chrono Boost)  
  18  3:20  Warp Gate  
  19  3:28  Probe (Chrono Boost)  
  19  3:33  Probe (Chrono Boost)  
  19  3:38  Twilight Council  
  20  3:43  Probe (Chrono Boost)  
  20  3:47  Gateway  
  21  3:58  Stalker  
  23  4:09  Probe (Chrono Boost)  
  24  4:16  Probe (Chrono Boost)  
  25  4:23  Probe  
  25  4:26  Blink  
  26  4:36  Probe  
  27  4:48  Probe  
  28  5:00  Probe  
  28  5:04  Nexus  
  29  5:12  Probe  
  30  5:24  Probe (Chrono Boost)  
  30  5:25  Gateway  
  31  5:30  Gateway  
  31  5:43  Assimilator  
  31  5:53  Assimilator  
  31  6:17  Probe  
  32  6:29  Probe  
  31  6:41  Probe  
  26  6:53  Probe  
  24  7:03  Stalker  
  24  7:04  Stalker x2  
  24  7:05  Stalker, Probe  
  28  7:17  Pylon, Probe  
  29  7:27  Stalker  
  29  7:28  Stalker x2  
  36  7:30  Probe  
  36  7:42  Probe  
  37  7:48  Gateway  
  37  8:01  Probe  
  36  8:13  Stalker, Probe  
  33  8:25  Probe  
  33  8:26  Sentry x2  
  27  8:37  Probe  
  8  9:44  Nexus  
Tags
 
Add a new tag
Caveats
  • Supply blocks, unpowered buildings, or Contaminate may cause inaccurate times.
  • Supply counts are checked every 10 seconds.